Map: Oxide LE

Players

DPGRogue (Rogue) - Winner!

  • Race: Zerg Zerg

TIME (Oliveira)

  • Race: Terran Terran
  • League: Grandmaster

Event: DreamHack SC2 Masters 2021 Summer

VOD

Have the link to the VOD?

Description

Time

  • Played on: July 3, 2021, 12:39 p.m.
  • Length: 8:17

All games in this series

Show
View Real Time Build Order
Export as new Build Order

DPGRogue Zerg - Winner!

Build Orders: Hatch First 

Get SALT Encoding   

  12  0:00  Drone  
  13  0:12  Overlord  
  13  0:16  Drone  
  14  0:30  Drone x2  
  16  0:47  Hatchery  
  15  0:50  Drone  
  15  0:54  Drone  
  17  0:57  Drone  
  18  1:07  Extractor  
  17  1:12  Spawning Pool  
  17  1:15  Drone  
  17  1:19  Drone  
  18  1:27  Drone  
  19  1:38  Drone  
  20  1:49  Drone  
  21  1:59  Queen x2  
  21  2:00  Zergling x4  
  27  2:10  Overlord  
  27  2:12  Drone  
  28  2:20  Hatchery  
  27  2:23  Drone  
  28  2:33  Drone x2  
  28  2:34  Drone  
  31  2:38  Queen  
  33  2:44  Metabolic Boost  
  33  2:47  Overlord  
  33  2:49  Drone  
  34  2:52  Drone  
  34  2:56  Drone  
  36  3:10  Drone x5  
  41  3:13  Queen  
  41  3:18  Overlord  
  41  3:19  Drone  
  44  3:32  Queen, Overlord  
  44  3:33  Drone  
  44  3:34  Drone  
  48  3:39  Drone x2  
  48  3:41  Queen  
  50  3:42  Drone x2  
  50  3:45  Overlord  
  54  3:48  Zergling x4  
  54  3:51  Drone x2  
  54  3:53  Drone  
  54  3:54  Drone  
  60  3:58  Drone  
  60  4:02  Drone  
  62  4:04  Drone, Spore Crawler  
  60  4:10  Drone  
  60  4:11  Drone  
  60  4:13  Queen  
  60  4:16  Drone x4  
  68  4:22  Lair  
  68  4:23  Overlord  
  68  4:25  Overlord  
  68  4:31  Zergling x4  
  70  4:33  Overlord  
  70  4:38  Roach Warren  
  69  4:41  Extractor, Drone x4  
  69  4:42  Extractor  
  69  4:44  Drone x3  
  69  4:45  Drone  
  75  4:51  Spine Crawler  
  74  4:53  Zergling x4  
  74  4:54  Drone  
  74  4:55  Drone x3  
  74  4:59  Overlord  
  80  5:02  Drone x3  
  80  5:03  Extractor  
  80  5:05  Spore Crawler  
  80  5:06  Extractor, Spore Crawler  
  79  5:12  Zergling x6  
  82  5:16  Extractor  
  82  5:20  Evolution Chamber x2  
  79  5:22  Roach x5  
  79  5:25  Overlord  
  79  5:26  Overseer  
  79  5:27  Glial Reconstitution  
  89  5:32  Roach  
  90  5:37  Drone x6  
  90  5:38  Drone  
  95  5:47  Roach  
  95  5:48  Roach  
  96  5:51  Drone  
  96  5:54  Drone  
  97  6:01  Drone  
  97  6:03  Drone x4  
  99  6:05  Zerg Missile Weapons Level 1, Zerg Ground Armor Level 1  
  96  6:19  Roach x3  
  96  6:20  Roach x2  
  96  6:21  Overlord  
  106  6:29  Hatchery, Overlord  
  105  6:35  Overseer  
  105  6:42  Overlord  
  105  6:43  Roach x4  
  105  6:45  Overlord  
  105  6:46  Overlord  
  113  6:48  Roach x3  
  113  6:52  Overlord  
  113  6:54  Overlord  
  118  7:04  Drone, Overlord  
  118  7:05  Roach  
  118  7:06  Roach x5  
  131  7:17  Roach x5  
  131  7:22  Ravager x7  
  148  7:23  Overlord  
  148  7:28  Roach  
  148  7:29  Overlord x3, Roach x2  
  154  7:31  Hatchery  
  153  7:38  Overlord x2  
  153  7:42  Roach x4  
  153  7:44  Roach x2  
  165  7:51  Ravager x4  
  171  7:53  Roach  
  171  7:54  Zergling x8  
  171  7:57  Zergling x4  
Show
View Real Time Build Order
Export as new Build Order

TIME Terran 

Build Orders: Reaper Expand, Hellion Banshee 

Get SALT Encoding   

  12  0:00  SCV  
  13  0:12  SCV  
  14  0:17  Supply Depot  
  14  0:24  SCV  
  15  0:38  SCV  
  15  0:40  Barracks  
  16  0:43  Refinery  
  16  0:50  SCV  
  17  1:03  SCV  
  18  1:15  SCV  
  19  1:27  Reaper  
  19  1:28  Orbital Command  
  20  1:39  Command Center  
  20  1:50  Supply Depot  
  20  1:53  SCV  
  21  1:59  Marine  
  22  2:05  SCV  
  23  2:13  Factory  
  23  2:17  SCV  
  23  2:21  Barracks Reactor  
  24  2:29  SCV  
  25  2:41  SCV  
  25  2:43  Command Center  
  26  2:51  Orbital Command  
  26  2:53  SCV  
  27  3:01  Starport  
  27  3:04  Refinery  
  27  3:06  SCV  
  28  3:15  Hellion  
  28  3:16  Hellion  
  28  3:19  SCV  
  33  3:20  SCV  
  34  3:28  Barracks Tech Lab  
  34  3:31  SCV  
  34  3:32  SCV  
  36  3:37  Hellion x2  
  40  3:43  SCV  
  40  3:44  SCV  
  42  3:50  Cloaking Field, Viking  
  44  3:56  Orbital Command  
  44  3:57  SCV x2  
  44  4:00  Hellion  
  48  4:03  Hellion  
  48  4:09  SCV x2  
  52  4:16  Supply Depot  
  51  4:21  SCV  
  51  4:23  Banshee  
  57  4:25  SCV  
  57  4:30  SCV  
  57  4:34  Armory  
  57  4:38  Hellion x2  
  61  4:39  SCV, Supply Depot  
  61  4:40  SCV, Barracks Tech Lab  
  61  4:42  SCV  
  64  4:51  SCV  
  65  4:54  Barracks  
  65  4:55  SCV  
  65  4:58  Barracks  
  65  4:59  SCV, Hellion  
  69  5:01  Hellion  
  69  5:04  Refinery x2, Marine  
  69  5:06  Banshee  
  75  5:08  SCV  
  75  5:09  SCV  
  75  5:13  Stimpack, Supply Depot  
  77  5:21  Engineering Bay  
  77  5:22  Engineering Bay  
  77  5:25  Orbital Command  
  77  5:34  SCV x2, Marine  
  77  5:35  Hellion x2  
  84  5:45  Marine  
  71  5:50  SCV  
  71  5:52  Marine  
  71  5:53  SCV  
  71  5:54  SCV  
  71  5:56  Terran Infantry Armor Level 1, Terran Infantry Weapons Level 1  
  68  6:02  SCV  
  66  6:05  SCV  
  66  6:07  Siege Tank  
  66  6:08  SCV, Hellion x5  
  66  6:09  Barracks Reactor x2  
  66  6:10  Starport Reactor  
  68  6:15  SCV  
  68  6:17  SCV  
  70  6:18  Marine  
  70  6:20  SCV  
  72  6:27  SCV  
  72  6:28  Barracks  
  72  6:29  Barracks  
  72  6:30  SCV  
  72  6:32  SCV  
  75  6:36  Marine  
  75  6:39  SCV, Supply Depot  
  77  6:42  SCV  
  77  6:43  Siege Tank  
  77  6:44  SCV, Supply Depot  
  77  6:46  Marine x3  
  85  7:00  Marine  
  85  7:01  SCV x2, Marine, Medivac x2  
  92  7:02  Supply Depot  
  92  7:05  SCV, Marine  
  92  7:06  Supply Depot  
  92  7:07  Marine  
  92  7:08  Marine, Supply Depot  
  97  7:09  Supply Depot  
  97  7:13  SCV x2  
  100  7:17  Barracks Reactor, Marine x2  
  101  7:23  Marine x2  
  101  7:24  SCV, Siege Tank  
  101  7:25  SCV  
  101  7:26  Refinery  
  101  7:27  Marine x3  
  101  7:28  SCV  
  112  7:36  SCV, Marine x2  
  115  7:37  SCV  
  115  7:39  Medivac  
  115  7:40  SCV  
  115  7:42  Supply Depot  
  122  7:45  Marine  
  122  7:47  Supply Depot  
  122  7:48  SCV  
  124  7:52  Marine x2  
  124  7:54  SCV x2  
  124  7:56  Marine  
  124  7:57  Marine x2  
  128  8:02  Bunker, Supply Depot  
  128  8:03  Supply Depot  
Tags
 
Add a new tag
Caveats
  • Supply blocks, unpowered buildings, or Contaminate may cause inaccurate times.
  • Supply counts are checked every 10 seconds.